General information
- name: BNet
- type: Ladder team game (AT/RT)
- host: Battle.net
- saver: teelo
map: FullScaleAssault
- players: 8
- length: 15:48
- speed: Fast
- version: 1.28 W3XP
- replay type: Public
» download(167 KB)
Players
team 1 (winner)
BladezLU (
green | 82 APM | 1301 actions | 15:47)
4 Dark Ranger
1 Black Arrow
2 Life Drain
1 Silence
2 Death Knight
1 Death Coil
1 Unholy Aura
» actions
| Assign group hotkey | 25 | |
| Basic commands | 99 | |
| Build / train | 54 | |
| ESC pressed | 1 | |
| Enter build submenu | 20 | |
| Enter hero's abilities submenu | 6 | |
| Give item / drop item | 2 | |
| Right click | 337 | |
| Select / deselect | 200 | |
| Select group hotkey | 505 | |
| Use ability | 52 | |
1301 total
» units
| Acolyte | 12 | |
| Ghoul | 6 | |
| Crypt Fiend | 5 | |
| Goblin Zeppelin | 1 | |
| Frost Wyrm | 4 | |
28 total
» upgrades
| Creature Attack | 2 | |
| Creature Carapace | 2 | |
| Burrow | 1 | |
| Web | 1 | |
| Freezing Breath | 1 | |
7 total
» buildings
| Crypt | 1 | |
| Graveyard | 1 | |
| Ziggurat | 8 | |
| Altar of Darkness | 1 | |
| Halls of the Dead | 1 | |
| Tomb of Relics | 2 | |
| Spirit Tower | 2 | |
| Black Citadel | 1 | |
| Nerubian Tower | 4 | |
| Sacrificial Pit | 1 | |
| Necropolis | 2 | |
| Boneyard | 2 | |
26 total
» build order
00:11 Crypt
00:19 Graveyard
00:42 Ziggurat
01:01 Altar of Darkness
01:28 Ziggurat
03:03 Ziggurat
03:59 Halls of the Dead
05:16 Tomb of Relics
06:10 Ziggurat
06:39 Ziggurat
06:52 Ziggurat
07:09 Spirit Tower
07:54 Black Citadel
07:58 Nerubian Tower
07:59 Spirit Tower
09:10 Sacrificial Pit
09:26 Necropolis
09:44 Ziggurat
10:01 Nerubian Tower
10:03 Ziggurat
10:24 Boneyard
10:50 Boneyard
11:09 Nerubian Tower
11:53 Tomb of Relics
14:34 Necropolis
14:49 Nerubian Tower
» items
| Potion of Healing | 1 | |
| Scroll of Town Portal | 1 | |
| Potion of Lesser Invulnerability | 1 | |
3 total

»
zzzz (
blue | 69 APM | 1096 actions | 15:47)
4 Death Knight
2 Death Coil
2 Unholy Aura
3 Lich
2 Frost Nova
1 Frost Armor
» actions
| Assign group hotkey | 28 | |
| Basic commands | 31 | |
| Build / train | 65 | |
| Enter build submenu | 19 | |
| Enter hero's abilities submenu | 7 | |
| Give item / drop item | 5 | |
| Right click | 367 | |
| Select / deselect | 197 | |
| Select group hotkey | 317 | |
| Use ability | 60 | |
1096 total
» units
| Acolyte | 9 | |
| Ghoul | 3 | |
| Crypt Fiend | 6 | |
| Goblin Shredder | 3 | |
| Obsidian Statue | 4 | |
| Frost Wyrm | 5 | |
30 total
» upgrades
| Creature Attack | 3 | |
| Web | 1 | |
| Burrow | 1 | |
| Creature Carapace | 3 | |
| Freezing Breath | 1 | |
9 total
» buildings
| Crypt | 1 | |
| Graveyard | 1 | |
| Ziggurat | 7 | |
| Altar of Darkness | 1 | |
| Tomb of Relics | 2 | |
| Nerubian Tower | 2 | |
| Halls of the Dead | 2 | |
| Necropolis | 1 | |
| Spirit Tower | 5 | |
| Black Citadel | 1 | |
| Sacrificial Pit | 1 | |
| Slaughterhouse | 1 | |
| Boneyard | 3 | |
28 total
» build order
00:07 Crypt
00:18 Graveyard
00:39 Ziggurat
00:55 Altar of Darkness
01:35 Ziggurat
01:50 Tomb of Relics
03:47 Ziggurat
04:43 Nerubian Tower
05:04 Nerubian Tower
05:20 Halls of the Dead
05:20 Halls of the Dead
05:45 Necropolis
05:55 Ziggurat
06:28 Ziggurat
06:48 Spirit Tower
07:23 Spirit Tower
07:42 Black Citadel
07:45 Sacrificial Pit
07:46 Slaughterhouse
08:14 Ziggurat
08:28 Ziggurat
08:29 Tomb of Relics
09:35 Spirit Tower
09:42 Spirit Tower
10:04 Boneyard
10:04 Boneyard
10:08 Boneyard
12:09 Spirit Tower
» items
| Rod of Necromancy | 2 | |
| Sacrificial Skull | 1 | |
| Scroll of Town Portal | 1 | |
| Orb of Corruption | 1 | |
5 total

»
teelo (
orange | 68 APM | 1078 actions | 15:48)
5 Death Knight
2 Death Coil
3 Unholy Aura
» actions
| Assign group hotkey | 187 | |
| Basic commands | 90 | |
| Build / train | 53 | |
| Enter build submenu | 23 | |
| Enter hero's abilities submenu | 5 | |
| Give item / drop item | 2 | |
| Right click | 251 | |
| Select / deselect | 154 | |
| Select group hotkey | 252 | |
| Use ability | 61 | |
1078 total
» units
| Acolyte | 8 | |
| Ghoul | 4 | |
| Crypt Fiend | 11 | |
23 total
» upgrades
| Creature Attack | 3 | |
| Creature Carapace | 3 | |
| Web | 1 | |
| Burrow | 1 | |
8 total
» buildings
| Ziggurat | 10 | |
| Altar of Darkness | 1 | |
| Crypt | 3 | |
| Nerubian Tower | 1 | |
| Graveyard | 1 | |
| Tomb of Relics | 2 | |
| Halls of the Dead | 2 | |
| Spirit Tower | 6 | |
| Sacrificial Pit | 1 | |
| Necropolis | 1 | |
| Black Citadel | 1 | |
29 total
» build order
00:08 Ziggurat
00:19 Altar of Darkness
00:38 Crypt
01:01 Nerubian Tower
01:14 Graveyard
01:33 Ziggurat
02:07 Tomb of Relics
03:28 Crypt
04:27 Halls of the Dead
05:19 Ziggurat
05:24 Ziggurat
05:27 Spirit Tower
06:13 Spirit Tower
06:45 Spirit Tower
07:29 Sacrificial Pit
08:26 Necropolis
09:15 Black Citadel
09:48 Ziggurat
09:53 Ziggurat
10:26 Ziggurat
10:27 Ziggurat
10:36 Halls of the Dead
11:08 Spirit Tower
11:23 Spirit Tower
11:27 Spirit Tower
12:03 Tomb of Relics
13:30 Crypt
13:35 Ziggurat
13:40 Ziggurat
» items
| Scroll of Town Portal | 2 | |
| Orb of Corruption | 1 | |
3 total
xyoxmatrix (
red | 30 APM | 478 actions | 15:47)
4 Archmage
2 Summon Water Elemental
2 Brilliance Aura
» actions
| Build / train | 50 | |
| Enter build submenu | 20 | |
| Enter hero's abilities submenu | 4 | |
| Right click | 237 | |
| Select / deselect | 140 | |
| Use ability | 27 | |
478 total
» units
| Peasant | 15 | |
| Footman | 5 | |
| Rifleman | 6 | |
| Mortar Team | 3 | |
| Siege Engine | 1 | |
30 total
» upgrades
| Gunpowder | 3 | |
| Armor | 3 | |
| Lumber Harvesting | 1 | |
| Masonry | 1 | |
| Long Rifles | 1 | |
| Fragmentation Shards | 1 | |
10 total
» buildings
| Altar of Kings | 1 | |
| Barracks | 1 | |
| Farm | 7 | |
| Lumber Mill | 1 | |
| Keep | 1 | |
| Blacksmith | 1 | |
| Workshop | 2 | |
| Town Hall | 1 | |
| Castle | 1 | |
| Scout Tower | 4 | |
| Guard Tower | 3 | |
| Arcane Vault | 1 | |
24 total
» build order
00:11 Altar of Kings
00:17 Barracks
00:26 Farm
00:33 Farm
02:06 Lumber Mill
02:53 Farm
03:35 Farm
03:48 Keep
04:01 Blacksmith
05:09 Farm
06:58 Workshop
07:02 Workshop
07:12 Town Hall
09:11 Castle
09:37 Farm
09:41 Scout Tower
10:27 Scout Tower
10:29 Guard Tower
10:36 Farm
10:42 Arcane Vault
12:14 Guard Tower
12:19 Scout Tower
13:09 Guard Tower
13:14 Scout Tower
team 2 (loser)
LordSith (
teal | 77 APM | 1210 actions | 15:41)
3 Blademaster
2 Wind Walk
1 Critical Strike
2 Tauren Chieftain
1 Endurance Aura
1 War Stomp
» actions
| Assign group hotkey | 13 | |
| Build / train | 51 | |
| Enter build submenu | 23 | |
| Enter hero's abilities submenu | 5 | |
| Give item / drop item | 2 | |
| Right click | 731 | |
| Select / deselect | 235 | |
| Select group hotkey | 61 | |
| Use ability | 89 | |
1210 total
» units
| Peon | 14 | |
| Wind Rider | 1 | |
| Troll Batrider | 9 | |
| Shaman | 4 | |
| Goblin Shredder | 1 | |
29 total
» upgrades
| Shaman Training | 2 | |
| Reinforced Defenses | 1 | |
| Ranged Weapons | 1 | |
| Armor | 1 | |
5 total
» buildings
| Altar of Storms | 1 | |
| Orc Burrow | 5 | |
| Voodoo Lounge | 2 | |
| Stronghold | 3 | |
| War Mill | 1 | |
| Beastiary | 3 | |
| Spirit Lodge | 1 | |
| Fortress | 1 | |
| Great Hall | 1 | |
| Watch Tower | 8 | |
26 total
» build order
00:16 Altar of Storms
00:19 Orc Burrow
00:40 Voodoo Lounge
02:29 Orc Burrow
02:51 Stronghold
02:51 Stronghold
02:51 Stronghold
03:44 War Mill
05:25 Beastiary
05:27 Beastiary
05:29 Spirit Lodge
05:33 Beastiary
06:30 Fortress
06:45 Voodoo Lounge
07:45 Orc Burrow
08:34 Great Hall
09:44 Watch Tower
09:47 Watch Tower
10:56 Watch Tower
11:00 Watch Tower
11:54 Orc Burrow
12:00 Watch Tower
12:04 Watch Tower
12:06 Orc Burrow
13:23 Watch Tower
13:25 Watch Tower
» items
| Healing Salve | 2 | |
| Lesser Clarity Potion | 1 | |
| Boots of Speed | 1 | |
| Staff of Teleportation | 1 | |
| Orb of Lightning | 1 | |
6 total
NoobiesRUS (
pink | 90 APM | 1390 actions | 15:29)
5 Death Knight
3 Death Coil
2 Unholy Aura
» actions
| Assign group hotkey | 15 | |
| Basic commands | 8 | |
| Build / train | 47 | |
| Enter build submenu | 25 | |
| Enter hero's abilities submenu | 5 | |
| Give item / drop item | 5 | |
| Right click | 647 | |
| Select / deselect | 181 | |
| Select group hotkey | 421 | |
| Use ability | 36 | |
1390 total
» units
| Acolyte | 7 | |
| Ghoul | 4 | |
| Crypt Fiend | 13 | |
| Frost Wyrm | 2 | |
26 total
» upgrades
| Creature Attack | 3 | |
| Creature Carapace | 2 | |
| Burrow | 1 | |
| Web | 1 | |
7 total
» buildings
| Ziggurat | 9 | |
| Altar of Darkness | 1 | |
| Graveyard | 1 | |
| Crypt | 1 | |
| Tomb of Relics | 1 | |
| Halls of the Dead | 1 | |
| Black Citadel | 1 | |
| Sacrificial Pit | 1 | |
| Spirit Tower | 1 | |
| Boneyard | 2 | |
19 total
» build order
00:14 Ziggurat
00:16 Altar of Darkness
00:37 Graveyard
01:06 Crypt
01:15 Ziggurat
01:34 Tomb of Relics
02:06 Ziggurat
04:16 Ziggurat
04:52 Halls of the Dead
09:48 Ziggurat
09:50 Ziggurat
09:52 Ziggurat
09:56 Ziggurat
10:02 Ziggurat
10:48 Black Citadel
10:51 Sacrificial Pit
11:31 Spirit Tower
13:21 Boneyard
13:23 Boneyard
» items
| Rod of Necromancy | 1 | |
| Dust of Appearance | 1 | |
| Boots of Speed | 1 | |
| Potion of Healing | 2 | |
5 total

»
random24 (
purple | 38 APM | 590 actions | 15:37)
4 Demon Hunter
2 Immolation
2 Evasion
» actions
| Assign group hotkey | 9 | |
| Basic commands | 6 | |
| Build / train | 50 | |
| ESC pressed | 6 | |
| Enter build submenu | 22 | |
| Enter hero's abilities submenu | 4 | |
| Give item / drop item | 1 | |
| Right click | 266 | |
| Select / deselect | 175 | |
| Select group hotkey | 7 | |
| Use ability | 44 | |
590 total
» units
» upgrades
| Strength of the Wild | 1 | |
| Reinforced Hides | 1 | |
| Corrosive Breath | 1 | |
3 total
» buildings
| Altar of Elders | 1 | |
| Moon Well | 7 | |
| Ancient of War | 1 | |
| Tree of Life | 4 | |
| Tree of Ages | 1 | |
| Ancient of Wonders | 1 | |
| Hunter's Hall | 1 | |
| Tree of Eternity | 1 | |
| Ancient of Wind | 1 | |
| Chimaera Roost | 3 | |
21 total
» build order
00:22 Altar of Elders
00:30 Moon Well
00:51 Ancient of War
01:45 Moon Well
02:43 Tree of Life
03:01 Tree of Life
04:18 Tree of Ages
04:37 Tree of Life
04:55 Moon Well
05:39 Moon Well
05:44 Ancient of Wonders
06:08 Hunter's Hall
06:46 Tree of Eternity
07:11 Moon Well
07:31 Ancient of Wind
09:46 Chimaera Roost
09:50 Chimaera Roost
10:26 Tree of Life
12:13 Chimaera Roost
12:19 Moon Well
13:29 Moon Well
» items
| Periapt of Vitality | 1 | |
| Potion of Healing | 1 | |
| Orb of Venom | 1 | |
3 total

»
stfucrybaby (
yellow | 102 APM | 1609 actions | 15:46)
4 Death Knight
2 Death Coil
2 Unholy Aura
» actions
| Assign group hotkey | 8 | |
| Build / train | 45 | |
| Enter build submenu | 17 | |
| Enter hero's abilities submenu | 4 | |
| Give item / drop item | 1 | |
| Right click | 845 | |
| Select / deselect | 180 | |
| Select group hotkey | 482 | |
| Use ability | 27 | |
1609 total
» units
| Acolyte | 5 | |
| Ghoul | 6 | |
| Crypt Fiend | 13 | |
| Goblin Zeppelin | 1 | |
| Frost Wyrm | 5 | |
30 total
» upgrades
| Web | 1 | |
| Creature Attack | 2 | |
| Creature Carapace | 1 | |
| Freezing Breath | 1 | |
5 total
» buildings
| Altar of Darkness | 1 | |
| Ziggurat | 4 | |
| Crypt | 1 | |
| Graveyard | 1 | |
| Halls of the Dead | 1 | |
| Black Citadel | 1 | |
| Spirit Tower | 3 | |
| Sacrificial Pit | 1 | |
| Boneyard | 2 | |
15 total
» build order
01:03 Altar of Darkness
01:09 Ziggurat
01:22 Crypt
01:33 Graveyard
02:18 Ziggurat
03:01 Ziggurat
03:45 Halls of the Dead
06:18 Black Citadel
08:34 Spirit Tower
08:36 Spirit Tower
09:43 Sacrificial Pit
12:31 Boneyard
12:35 Boneyard
13:35 Spirit Tower
13:39 Ziggurat
Chat log
(00:12 / All) LordSith: i am gonna f u up teelo u son of a bitch
(00:33 / All) zzzz: stfu noob
(00:37 / All) zzzz: and go mass bat
(01:12 / Allies) zzzz: fast expo
(01:12 / Allies) zzzz: plz
(01:21 / Allies) zzzz: oj u need or ?
(01:28 / Allies) teelo: you take
(01:31 / Allies) zzzz: ok
(02:14 / Allies) zzzz: air map
(02:16 / Allies) zzzz: need air
(02:18 / Allies) zzzz: i go wyrm
(02:21 / Allies) xyoxmatrix: ok
(05:49 / Allies) zzzz: expo red
(06:00 / Allies) xyoxmatrix: rjr
(07:29 / Allies) zzzz: go kill expo
(09:22 / Allies) zzzz: tp
(09:27 / Allies) zzzz: tp oj
(09:44 / Allies) zzzz: get tower
(09:46 / Allies) zzzz: teal he go bat
(09:47 / Allies) zzzz: mass
(11:33 / Allies) zzzz: go guys
(11:51 / Allies) xyoxmatrix: hit together
(13:49 / All) zzzz: EZ
(13:50 / All) zzzz: Game
(14:35 / All) zzzz: leave noob
(15:14 / All) zzzz: more bat plz
(15:15 / All) zzzz: teal
(15:17 / All) zzzz: Ahaha fagoot
(15:26 / All) LordSith: u mad mate?
(15:31 / All) zzzz: LEAVE
(15:34 / All) zzzz: FUCKING NOOB
(15:37 / All) LordSith: yteya ok
(15:38 / All) teelo: still waiting for you to fuck me up, teal